[ AOE2 MATCH · #475789581 ]
UnrankedBerbers vs Sicilians
[ REPLAY ANALYSIS · EXTRACTED FROM THE RECORDED GAME ]
Feudal
8:51
Castle
21:54
Imperial
—
| APM avg | 59.8 |
| APM peak | 95 |
| eAPM avg | 24.0 |
| Villagers / military | 94 / 60 |
Focus
⚔️ 32.1% · 🌾 67.9%
Knight ×51 · Scout Cavalry ×8 · Battering Ram ×1
Feudal
8:51
Castle
26:06
Imperial
—
| APM avg | 33.4 |
| APM peak | 81 |
| eAPM avg | 13.2 |
| Villagers / military | 50 / 53 |
Focus
⚔️ 34.6% · 🌾 65.4%
Archer ×41 · Skirmisher ×10 · Spearman ×2
Feudal
9:15
Castle
22:34
Imperial
—
| APM avg | 45.1 |
| APM peak | 84 |
| eAPM avg | 16.4 |
| Villagers / military | 70 / 54 |
Focus
⚔️ 35.2% · 🌾 64.8%
Archer ×51 · Spearman ×3
Feudal
8:51
Castle
22:06
Imperial
—
| APM avg | 55.9 |
| APM peak | 101 |
| eAPM avg | 23.5 |
| Villagers / military | 101 / 36 |
Focus
⚔️ 15.8% · 🌾 84.2%
Knight ×31 · Scout Cavalry ×4 · Spearman ×1
Feudal
8:30
Castle
23:37
Imperial
—
| APM avg | 63.3 |
| APM peak | 96 |
| eAPM avg | 19.4 |
| Villagers / military | 69 / 35 |
Focus
⚔️ 24.3% · 🌾 75.7%
Archer ×35
Feudal
—
Castle
—
Imperial
—
| APM avg | 63.8 |
| APM peak | 88 |
| eAPM avg | 25.3 |
| Villagers / military | 51 / 72 |
Focus
⚔️ 16.8% · 🌾 83.2%
Archer ×65 · Spearman ×7
Match map
Initial resources + every placement click. Lines = walls · curves = elevation contours. ◆ gold · ⬟ stone · ● berries · ✦ relic · ◌ wall gap
Your base· ✓ Closed at 21:54 · 31t walls · 1 gate(s)
BatDongSan's base· ✓ Closed at 26:06 · 50t walls · no gate
VNG_BOM BÔNG's base· Open — 4t gap
Gà Con Biết Gáy's base· ✓ Closed at 22:06 · 27t walls · 2 gate(s)
:))'s base· ✓ Closed at 23:37 · 50t walls · no gate
SnowBall907270's base· ✓ Closed at 21:23 · 39t walls · 1 gate(s)
Smoothed initial terrain · ◌ = detected wall gap · hover for details
Inputs per minute
— tychodalat - - BatDongSan
Build order — tychodalat
First 150 of 269 actions detected
| 0:01 | Create | Villager (Male) |
| 0:01 | Create | Villager (Male) |
| 0:02 | Build | House |
| 0:03 | Build | House |
| 0:06 | Create | Villager (Male) |
| 0:07 | Create | Villager (Male) |
| 1:25 | Create | Villager (Male) |
| 1:25 | Create | Villager (Male) |
| 1:45 | Create | Villager (Male) |
| 1:45 | Create | Villager (Male) |
| 2:12 | Build | Lumber Camp |
| 2:17 | Create | Villager (Male) |
| 2:48 | Create | Villager (Male) |
| 2:48 | Create | Villager (Male) |
| 2:59 | Build | House |
| 3:11 | Build | Palisade Wall |
| 3:17 | Create | Villager (Male) |
| 3:18 | Create | Villager (Male) |
| 3:18 | Create | Villager (Male) |
| 4:05 | Create | Villager (Male) |
| 4:17 | Create | Villager (Male) |
| 4:17 | Create | Villager (Male) |
| 4:59 | Create | Villager (Male) |
| 4:59 | Create | Villager (Male) |
| 5:09 | Build | Mill |
| 5:44 | Create | Villager (Male) |
| 5:47 | Create | Villager (Male) |
| 5:47 | Create | Villager (Male) |
| 5:47 | Create | Villager (Male) |
| 5:47 | Create | Villager (Male) |
| 6:01 | Research | Loom |
| 6:38 | Research | Feudal Age |
| 6:38 | Research | Feudal Age |
| 7:28 | Build | House |
| 7:30 | Build | Barracks |
| 7:49 | Build | Palisade Wall |
| 8:30 | Create | Villager (Male) |
| 8:51 | Age | Feudal Age |
| 8:53 | Build | Stable |
| 8:55 | Research | Double-Bit Axe |
| 8:55 | Research | Double-Bit Axe |
| 8:58 | Create | Villager (Male) |
| 9:01 | Research | Horse Collar |
| 9:01 | Research | Horse Collar |
| 9:11 | Create | Villager (Male) |
| 9:14 | Create | Villager (Male) |
| 9:23 | Create | Villager (Male) |
| 9:26 | Build | House |
| 9:40 | Create | Scout Cavalry |
| 9:40 | Create | Scout Cavalry |
| 9:43 | Build | House |
| 9:45 | Build | Palisade Wall |
| 9:48 | Build | Palisade Wall |
| 9:54 | Build | Farm |
| 9:56 | Build | Farm |
| 10:09 | Build | Farm |
| 10:16 | Create | Villager (Male) |
| 10:27 | Build | Farm |
| 10:30 | Build | House |
| 10:31 | Build | Palisade Wall |
| 10:36 | Build | Palisade Wall |
| 10:42 | Create | Villager (Male) |
| 10:43 | Build | Farm |
| 10:46 | Build | Farm |
| 11:07 | Create | Scout Cavalry |
| 11:10 | Build | Farm |
| 11:15 | Build | House |
| 11:24 | Build | Farm |
| 11:26 | Create | Villager (Male) |
| 11:39 | Build | Palisade Wall |
| 11:46 | Create | Villager (Male) |
| 11:53 | Create | Villager (Male) |
| 11:53 | Create | Villager (Male) |
| 11:56 | Build | Palisade Gate |
| 12:01 | Build | Farm |
| 12:14 | Build | Farm |
| 12:23 | Create | Scout Cavalry |
| 12:35 | Create | Villager (Male) |
| 12:36 | Build | Farm |
| 12:37 | Build | Farm |
| 12:47 | Build | Farm |
| 12:55 | Create | Scout Cavalry |
| 13:09 | Create | Villager (Male) |
| 13:11 | Build | Farm |
| 13:18 | Create | Villager (Male) |
| 13:19 | Build | Farm |
| 13:31 | Create | Scout Cavalry |
| 13:36 | Create | Villager (Male) |
| 13:38 | Build | Farm |
| 13:45 | Create | Villager (Male) |
| 13:46 | Create | Villager (Male) |
| 13:49 | Build | Farm |
| 13:51 | Build | Farm |
| 14:09 | Create | Villager (Male) |
| 14:11 | Build | Farm |
| 14:23 | Create | Villager (Male) |
| 14:32 | Build | Mining Camp |
| 14:39 | Create | Scout Cavalry |
| 14:48 | Build | House |
| 14:50 | Build | Palisade Wall |
| 15:00 | Create | Villager (Male) |
| 15:07 | Create | Scout Cavalry |
| 15:14 | Create | Villager (Male) |
| 15:18 | Build | Blacksmith |
| 15:57 | Create | Villager (Male) |
| 16:01 | Research | Bloodlines |
| 16:01 | Research | Bloodlines |
| 16:01 | Research | Bloodlines |
| 16:14 | Research | Scale Barding Armor |
| 16:31 | Research | Wheelbarrow |
| 16:31 | Research | Wheelbarrow |
| 16:31 | Research | Wheelbarrow |
| 16:59 | Build | Lumber Camp |
| 17:04 | Create | Villager (Male) |
| 17:45 | Create | Villager (Male) |
| 18:37 | Create | Villager (Male) |
| 18:44 | Build | House |
| 19:14 | Research | Castle Age |
| 19:24 | Build | Stable |
| 19:26 | Build | Stable |
| 19:32 | Research | Gold Mining |
| 19:32 | Research | Gold Mining |
| 20:34 | Build | House |
| 20:41 | Research | Forging |
| 21:16 | Build | House |
| 21:27 | Build | House |
| 21:49 | Create | Villager (Male) |
| 21:54 | Age | Castle Age |
| 21:56 | Research | Husbandry |
| 21:57 | Create | Knight |
| 21:57 | Create | Knight |
| 21:57 | Create | Knight |
| 21:59 | Research | Chain Barding Armor |
| 21:59 | Create | Villager (Male) |
| 22:00 | Research | Bow Saw |
| 22:01 | Research | Bow Saw |
| 22:02 | Create | Villager (Male) |
| 22:08 | Build | Town Center |
| 22:18 | Research | Light Cavalry (upgrade) |
| 22:18 | Research | Light Cavalry (upgrade) |
| 22:18 | Research | Light Cavalry (upgrade) |
| 22:22 | Create | Villager (Male) |
| 22:47 | Create | Knight |
| 22:47 | Create | Knight |
| 22:48 | Create | Knight |
| 22:50 | Create | Villager (Male) |
| 23:05 | Create | Villager (Male) |
| 23:06 | Create | Villager (Male) |
| 23:18 | Create | Villager (Male) |
| 23:18 | Create | Villager (Male) |
Build order — BatDongSan
146 actions detected in the replay
| 0:01 | Create | Villager (Male) |
| 0:01 | Create | Villager (Male) |
| 0:02 | Build | House |
| 0:05 | Build | House |
| 0:08 | Create | Villager (Male) |
| 0:08 | Create | Villager (Male) |
| 1:26 | Create | Villager (Male) |
| 1:59 | Create | Villager (Male) |
| 2:28 | Create | Villager (Male) |
| 2:29 | Create | Villager (Male) |
| 2:54 | Create | Villager (Male) |
| 2:54 | Create | Villager (Male) |
| 2:56 | Build | Lumber Camp |
| 3:41 | Build | House |
| 3:46 | Create | Villager (Male) |
| 3:46 | Create | Villager (Male) |
| 3:54 | Create | Villager (Male) |
| 3:54 | Create | Villager (Male) |
| 4:25 | Create | Villager (Male) |
| 4:25 | Create | Villager (Male) |
| 5:10 | Create | Villager (Male) |
| 5:45 | Create | Villager (Male) |
| 5:55 | Build | Mill |
| 6:15 | Research | Loom |
| 6:31 | Research | Feudal Age |
| 6:31 | Research | Feudal Age |
| 7:42 | Build | Barracks |
| 7:51 | Build | House |
| 8:05 | Build | Palisade Wall |
| 8:26 | Build | House |
| 8:51 | Age | Feudal Age |
| 8:53 | Create | Villager (Male) |
| 8:57 | Build | Archery Range |
| 9:05 | Create | Spearman |
| 9:06 | Create | Spearman |
| 9:13 | Create | Villager (Male) |
| 9:45 | Create | Villager (Male) |
| 10:06 | Create | Villager (Male) |
| 10:08 | Build | Archery Range |
| 10:10 | Build | Palisade Wall |
| 10:22 | Create | Villager (Male) |
| 10:42 | Build | Mining Camp |
| 10:49 | Build | Palisade Wall |
| 10:56 | Build | Palisade Wall |
| 10:58 | Create | Villager (Male) |
| 11:20 | Build | House |
| 11:24 | Create | Villager (Male) |
| 11:40 | Create | Villager (Male) |
| 11:51 | Build | Donjon |
| 12:02 | Create | Villager (Male) |
| 12:06 | Create | Archer ×2 |
| 12:06 | Create | Archer ×2 |
| 12:11 | Research | Double-Bit Axe |
| 12:18 | Build | House |
| 12:36 | Create | Villager (Male) |
| 12:44 | Build | Palisade Wall |
| 12:46 | Build | Palisade Wall |
| 12:54 | Create | Archer |
| 12:57 | Create | Villager (Male) |
| 12:57 | Create | Villager (Male) |
| 13:12 | Build | Farm |
| 13:14 | Build | Farm |
| 13:15 | Build | Farm |
| 13:22 | Build | Farm |
| 13:32 | Create | Archer ×2 |
| 13:35 | Create | Villager (Male) |
| 13:35 | Create | Villager (Male) |
| 14:13 | Build | Lumber Camp |
| 14:16 | Build | House |
| 14:23 | Build | House |
| 14:26 | Build | Palisade Wall |
| 14:32 | Create | Archer ×2 |
| 14:32 | Create | Archer ×2 |
| 14:34 | Create | Villager (Male) |
| 14:34 | Create | Villager (Male) |
| 15:05 | Build | Blacksmith |
| 15:15 | Create | Archer ×2 |
| 15:26 | Build | House |
| 15:28 | Build | House |
| 15:31 | Build | Palisade Wall |
| 15:37 | Build | House |
| 15:41 | Create | Villager (Male) |
| 15:54 | Research | Fletching |
| 15:54 | Research | Fletching |
| 16:02 | Create | Archer |
| 16:13 | Build | House |
| 16:15 | Build | House |
| 16:16 | Create | Villager (Male) |
| 16:17 | Create | Villager (Male) |
| 16:20 | Research | Padded Archer Armor |
| 16:20 | Research | Padded Archer Armor |
| 16:35 | Create | Archer ×2 |
| 16:36 | Create | Archer ×2 |
| 16:40 | Create | Villager (Male) |
| 16:59 | Create | Archer ×2 |
| 17:02 | Build | Farm |
| 17:03 | Build | Farm |
| 17:04 | Build | Farm |
| 17:21 | Build | Farm |
| 17:22 | Build | Farm |
| 17:22 | Build | Farm |
| 17:22 | Build | Farm |
| 17:23 | Build | Farm |
| 17:25 | Create | Villager (Male) |
| 17:28 | Build | Farm |
| 17:31 | Build | House |
| 18:30 | Create | Villager (Male) |
| 18:41 | Create | Archer ×5 |
| 18:45 | Build | House |
| 18:48 | Build | Palisade Wall |
| 18:50 | Create | Villager (Male) |
| 19:04 | Build | Mining Camp |
| 19:10 | Create | Villager (Male) |
| 19:32 | Create | Villager (Male) |
| 19:34 | Build | Farm |
| 19:37 | Build | Farm |
| 19:43 | Create | Archer ×5 |
| 19:43 | Create | Archer ×5 |
| 19:56 | Build | Farm |
| 19:58 | Build | Farm |
| 19:59 | Build | Farm |
| 20:02 | Build | Farm |
| 20:06 | Create | Villager (Male) |
| 20:12 | Create | Archer ×3 |
| 20:12 | Create | Archer ×3 |
| 20:35 | Create | Villager (Male) |
| 20:51 | Create | Villager (Male) |
| 21:19 | Create | Villager (Male) |
| 21:21 | Build | House |
| 21:44 | Create | Villager (Male) |
| 21:48 | Build | Farm |
| 21:48 | Build | Farm |
| 21:49 | Build | Farm |
| 22:17 | Create | Villager (Male) |
| 22:18 | Create | Villager (Male) |
| 22:25 | Build | Market |
| 22:39 | Build | Farm |
| 22:48 | Create | Skirmisher ×5 |
| 22:48 | Create | Skirmisher ×5 |
| 22:54 | Build | Palisade Wall |
| 23:06 | Build | Palisade Wall |
| 23:26 | Research | Castle Age |
| 24:02 | Build | Mining Camp |
| 25:23 | Research | Wheelbarrow |
| 26:06 | Age | Castle Age |
| 28:07 | Build | Town Center |
Build order — VNG_BOM BÔNG
First 150 of 188 actions detected
| 0:00 | Create | Villager (Male) |
| 0:00 | Create | Villager (Male) |
| 0:01 | Create | Villager (Male) |
| 0:01 | Create | Villager (Male) |
| 0:02 | Build | House |
| 0:03 | Build | House |
| 1:22 | Create | Villager (Male) |
| 2:04 | Create | Villager (Male) |
| 2:15 | Create | Villager (Male) |
| 2:44 | Create | Villager (Male) |
| 3:10 | Create | Villager (Male) |
| 3:30 | Create | Villager (Male) |
| 3:43 | Build | Settlement |
| 4:08 | Create | Villager (Male) |
| 4:09 | Create | Villager (Male) |
| 4:09 | Create | Villager (Male) |
| 4:48 | Create | Villager (Male) |
| 5:01 | Create | Villager (Male) |
| 5:48 | Create | Villager (Male) |
| 6:12 | Create | Villager (Male) |
| 6:13 | Create | Villager (Male) |
| 6:19 | Research | Loom |
| 6:42 | Build | Settlement |
| 6:59 | Research | Feudal Age |
| 7:57 | Build | Barracks |
| 8:39 | Create | Villager (Male) |
| 8:56 | Build | Palisade Wall |
| 9:15 | Age | Feudal Age |
| 9:17 | Build | Archery Range |
| 9:19 | Create | Villager (Male) |
| 9:21 | Research | Double-Bit Axe |
| 9:35 | Create | Spearman |
| 9:55 | Create | Villager (Male) |
| 10:03 | Build | Archery Range |
| 10:08 | Create | Archer |
| 10:28 | Create | Villager (Male) |
| 10:30 | Create | Archer |
| 10:30 | Create | Archer |
| 10:42 | Create | Archer |
| 10:45 | Build | House |
| 10:51 | Create | Villager (Male) |
| 10:58 | Create | Archer |
| 11:01 | Create | Villager (Male) |
| 11:33 | Build | Blacksmith |
| 11:38 | Create | Archer |
| 11:42 | Create | Villager (Male) |
| 11:51 | Build | Palisade Wall |
| 12:06 | Create | Villager (Male) |
| 12:14 | Build | House |
| 12:19 | Create | Spearman |
| 12:38 | Create | Villager (Male) |
| 12:39 | Create | Archer |
| 12:40 | Create | Archer |
| 12:40 | Create | Archer |
| 13:10 | Create | Villager (Male) |
| 13:16 | Build | Farm |
| 13:17 | Build | Farm |
| 13:18 | Create | Villager (Male) |
| 13:25 | Build | Palisade Wall |
| 13:29 | Create | Archer |
| 13:29 | Create | Archer |
| 13:45 | Build | Palisade Wall |
| 13:47 | Create | Villager (Male) |
| 13:54 | Create | Archer |
| 13:54 | Create | Archer |
| 13:55 | Create | Archer |
| 14:01 | Research | Fletching |
| 14:04 | Build | Farm |
| 14:29 | Build | Palisade Wall |
| 14:32 | Build | Farm |
| 14:33 | Create | Villager (Male) |
| 14:42 | Build | Farm |
| 14:43 | Build | Farm |
| 14:48 | Build | House |
| 14:55 | Create | Villager (Male) |
| 15:12 | Create | Villager (Male) |
| 15:33 | Build | House |
| 15:37 | Build | Farm |
| 15:40 | Build | House |
| 15:44 | Create | Villager (Male) |
| 15:47 | Research | Padded Archer Armor |
| 15:58 | Create | Archer |
| 15:58 | Create | Archer |
| 15:58 | Create | Archer |
| 15:59 | Create | Archer |
| 16:13 | Create | Villager (Male) |
| 16:36 | Build | Market |
| 16:40 | Create | Villager (Male) |
| 17:08 | Build | Farm |
| 17:08 | Build | Farm |
| 17:09 | Build | Farm |
| 17:09 | Build | Farm |
| 17:16 | Create | Villager (Male) |
| 17:30 | Build | Farm |
| 17:31 | Build | Farm |
| 17:31 | Build | Farm |
| 17:31 | Build | Farm |
| 17:31 | Build | Farm |
| 17:32 | Build | Farm |
| 17:35 | Build | House |
| 17:38 | Build | House |
| 17:44 | Create | Villager (Male) |
| 17:47 | Create | Spearman |
| 17:50 | Build | Farm |
| 18:18 | Build | Farm |
| 18:29 | Create | Villager (Male) |
| 18:41 | Build | Farm |
| 18:48 | Build | Palisade Wall |
| 18:53 | Create | Villager (Male) |
| 19:16 | Create | Villager (Male) |
| 19:54 | Research | Castle Age |
| 19:57 | Build | Farm |
| 20:19 | Research | Gold Mining |
| 20:20 | Research | Gold Mining |
| 20:38 | Create | Archer |
| 20:39 | Create | Archer |
| 20:39 | Create | Archer |
| 20:56 | Build | Archery Range |
| 21:14 | Create | Archer |
| 22:00 | Build | Archery Range |
| 22:18 | Research | Wheelbarrow |
| 22:34 | Age | Castle Age |
| 22:39 | Build | Town Center |
| 22:41 | Research | Crossbowman (upgrade) |
| 22:43 | Research | Thumb Ring |
| 22:45 | Research | Bodkin Arrow |
| 22:51 | Build | University |
| 22:58 | Create | Villager (Male) |
| 23:00 | Create | Archer |
| 23:00 | Create | Archer |
| 23:00 | Create | Archer |
| 23:08 | Build | Palisade Gate |
| 23:11 | Build | Farm |
| 23:12 | Build | Farm |
| 23:34 | Build | Farm |
| 23:39 | Create | Villager (Male) |
| 23:50 | Create | Villager (Male) |
| 24:15 | Create | Villager (Male) |
| 24:27 | Research | Ballistics |
| 24:35 | Research | Leather Archer Armor |
| 24:38 | Build | Farm |
| 24:38 | Build | Farm |
| 24:39 | Build | Farm |
| 24:39 | Build | Farm |
| 24:48 | Build | Farm |
| 25:24 | Create | Archer |
| 25:24 | Create | Archer |
| 25:24 | Create | Archer |
| 25:45 | Create | Archer |
| 25:45 | Create | Archer |
Build order — Gà Con Biết Gáy
First 150 of 242 actions detected
| 0:01 | Create | Villager (Male) |
| 0:01 | Create | Villager (Male) |
| 0:01 | Create | Villager (Male) |
| 0:02 | Create | Villager (Male) |
| 0:02 | Create | Villager (Male) |
| 0:03 | Build | House |
| 0:06 | Build | House |
| 1:24 | Create | Villager (Male) |
| 2:01 | Create | Villager (Male) |
| 2:01 | Create | Villager (Male) |
| 2:17 | Create | Villager (Male) |
| 2:17 | Create | Villager (Male) |
| 2:49 | Create | Villager (Male) |
| 2:50 | Create | Villager (Male) |
| 3:15 | Create | Villager (Male) |
| 3:15 | Create | Villager (Male) |
| 3:15 | Create | Villager (Male) |
| 3:33 | Build | House |
| 4:00 | Create | Villager (Male) |
| 4:01 | Create | Villager (Male) |
| 4:02 | Create | Villager (Male) |
| 4:17 | Create | Villager (Male) |
| 4:50 | Build | Lumber Camp |
| 5:06 | Build | Mill |
| 5:09 | Create | Villager (Male) |
| 5:49 | Research | Loom |
| 6:28 | Research | Feudal Age |
| 6:28 | Research | Feudal Age |
| 6:49 | Build | House |
| 6:57 | Build | House |
| 7:35 | Build | Barracks |
| 8:38 | Create | Villager (Male) |
| 8:39 | Create | Villager (Male) |
| 8:51 | Age | Feudal Age |
| 8:53 | Build | Stable |
| 8:57 | Research | Double-Bit Axe |
| 8:57 | Research | Double-Bit Axe |
| 9:17 | Build | House |
| 9:24 | Create | Villager (Male) |
| 9:37 | Create | Scout Cavalry |
| 9:37 | Create | Scout Cavalry |
| 9:46 | Create | Spearman |
| 9:52 | Build | Palisade Gate |
| 9:59 | Build | Palisade Wall |
| 10:09 | Create | Villager (Male) |
| 10:18 | Create | Villager (Male) |
| 10:34 | Build | House |
| 10:40 | Create | Villager (Male) |
| 10:45 | Build | Town Center |
| 10:56 | Build | Town Center |
| 11:01 | Create | Scout Cavalry |
| 11:06 | Create | Villager (Male) |
| 11:31 | Build | House |
| 11:35 | Build | Palisade Wall |
| 11:37 | Build | Palisade Wall |
| 11:44 | Create | Villager (Male) |
| 11:51 | Build | Farm |
| 11:54 | Build | Farm |
| 11:56 | Build | Farm |
| 12:03 | Build | Farm |
| 12:04 | Build | Farm |
| 12:12 | Create | Villager (Male) |
| 12:33 | Build | House |
| 12:44 | Create | Villager (Male) |
| 12:49 | Create | Villager (Male) |
| 13:14 | Build | Farm |
| 13:15 | Build | Farm |
| 13:17 | Build | Farm |
| 13:18 | Build | Farm |
| 13:32 | Create | Villager (Male) |
| 13:32 | Create | Villager (Male) |
| 13:36 | Build | Farm |
| 13:42 | Create | Villager (Male) |
| 14:21 | Create | Villager (Male) |
| 14:21 | Create | Villager (Male) |
| 14:21 | Create | Villager (Male) |
| 14:36 | Create | Villager (Male) |
| 14:36 | Create | Villager (Male) |
| 14:37 | Create | Villager (Male) |
| 14:39 | Build | Farm |
| 14:50 | Create | Villager (Male) |
| 15:01 | Build | Market |
| 15:04 | Create | Villager (Male) |
| 15:05 | Create | Villager (Male) |
| 15:08 | Build | Farm |
| 15:18 | Build | Market |
| 15:19 | Create | Villager (Male) |
| 15:29 | Create | Villager (Male) |
| 15:36 | Create | Villager (Male) |
| 15:41 | Create | Villager (Male) |
| 15:42 | Create | Villager (Male) |
| 15:56 | Create | Villager (Male) |
| 16:00 | Build | Farm |
| 16:25 | Create | Villager (Male) |
| 16:26 | Create | Villager (Male) |
| 16:37 | Create | Villager (Male) |
| 16:39 | Build | Farm |
| 16:47 | Build | Lumber Camp |
| 16:51 | Build | Farm |
| 17:03 | Build | Farm |
| 17:07 | Build | Farm |
| 17:11 | Create | Scout Cavalry |
| 17:20 | Build | Farm |
| 17:30 | Create | Villager (Male) |
| 17:33 | Create | Villager (Male) |
| 17:33 | Create | Villager (Male) |
| 17:36 | Build | Farm |
| 17:38 | Create | Villager (Male) |
| 17:51 | Build | Blacksmith |
| 17:53 | Create | Villager (Male) |
| 17:55 | Create | Villager (Male) |
| 18:07 | Build | House |
| 18:15 | Create | Villager (Male) |
| 18:19 | Create | Villager (Male) |
| 18:24 | Build | House |
| 18:27 | Build | House |
| 18:39 | Build | House |
| 18:44 | Create | Villager (Male) |
| 18:53 | Build | Stable |
| 19:07 | Build | Farm |
| 19:09 | Build | House |
| 19:24 | Research | Castle Age |
| 19:24 | Research | Castle Age |
| 19:35 | Build | Farm |
| 19:47 | Build | Farm |
| 19:56 | Research | Bloodlines |
| 19:57 | Research | Bloodlines |
| 20:14 | Build | House |
| 20:39 | Build | Palisade Gate |
| 20:47 | Build | Farm |
| 20:53 | Build | Farm |
| 20:54 | Create | Villager (Male) |
| 20:55 | Create | Villager (Male) |
| 20:56 | Create | Villager (Male) |
| 20:59 | Research | Scale Barding Armor |
| 20:59 | Research | Scale Barding Armor |
| 21:14 | Build | Farm |
| 21:20 | Research | Forging |
| 21:28 | Build | Farm |
| 21:32 | Build | House |
| 21:34 | Build | Palisade Wall |
| 21:36 | Create | Villager (Male) |
| 21:41 | Research | Horse Collar |
| 21:47 | Build | Mining Camp |
| 21:51 | Build | House |
| 21:54 | Build | Palisade Wall |
| 21:57 | Build | Farm |
| 22:06 | Age | Castle Age |
| 22:10 | Research | Chain Barding Armor |
| 22:10 | Research | Chain Barding Armor |
Build order — :))
First 150 of 191 actions detected
| 0:01 | Create | Villager (Male) |
| 0:01 | Create | Villager (Male) |
| 0:02 | Build | House |
| 0:03 | Build | House |
| 0:07 | Create | Villager (Male) |
| 0:08 | Create | Villager (Male) |
| 1:42 | Create | Villager (Male) |
| 2:01 | Create | Villager (Male) |
| 2:18 | Build | Lumber Camp |
| 2:29 | Create | Villager (Male) |
| 2:52 | Create | Villager (Male) |
| 3:23 | Create | Villager (Male) |
| 3:27 | Build | House |
| 3:39 | Create | Villager (Male) |
| 4:08 | Create | Villager (Male) |
| 4:27 | Create | Villager (Male) |
| 4:58 | Build | Mining Camp |
| 5:03 | Create | Villager (Male) |
| 5:10 | Create | Villager (Male) |
| 5:21 | Research | Loom |
| 6:20 | Research | Feudal Age |
| 7:00 | Build | House |
| 7:03 | Build | Palisade Wall |
| 7:53 | Create | Villager (Male) |
| 8:07 | Build | Barracks |
| 8:12 | Create | Villager (Male) |
| 8:27 | Build | Palisade Wall |
| 8:30 | Age | Feudal Age |
| 8:58 | Build | Archery Range |
| 9:04 | Create | Villager (Male) |
| 9:05 | Research | Double-Bit Axe |
| 9:33 | Create | Villager (Male) |
| 9:51 | Create | Archer |
| 9:56 | Create | Archer |
| 10:04 | Build | Archery Range |
| 10:29 | Build | Blacksmith |
| 10:46 | Create | Archer |
| 10:47 | Create | Archer |
| 10:49 | Build | House |
| 10:57 | Create | Villager (Male) |
| 11:02 | Build | House |
| 11:28 | Build | Mill |
| 11:30 | Create | Villager (Male) |
| 11:36 | Create | Archer |
| 11:36 | Create | Archer |
| 11:59 | Create | Villager (Male) |
| 12:04 | Create | Archer |
| 12:16 | Build | House |
| 12:17 | Build | Palisade Wall |
| 12:19 | Create | Villager (Male) |
| 12:26 | Create | Archer |
| 12:42 | Create | Villager (Male) |
| 12:44 | Build | Farm |
| 12:59 | Create | Archer |
| 12:59 | Create | Archer |
| 13:07 | Build | Farm |
| 13:43 | Research | Fletching |
| 13:49 | Build | House |
| 13:49 | Build | Palisade Wall |
| 13:52 | Create | Archer |
| 13:59 | Build | House |
| 14:00 | Build | Palisade Wall |
| 14:01 | Build | Palisade Wall |
| 14:04 | Create | Archer |
| 14:04 | Create | Archer |
| 14:08 | Build | Farm |
| 14:09 | Build | Farm |
| 14:12 | Create | Archer |
| 14:27 | Build | Farm |
| 14:36 | Create | Archer |
| 14:36 | Create | Archer |
| 14:44 | Create | Villager (Male) |
| 14:51 | Create | Archer |
| 14:58 | Build | House |
| 15:00 | Build | Palisade Wall |
| 15:12 | Create | Archer |
| 15:14 | Create | Villager (Male) |
| 15:32 | Create | Villager (Male) |
| 15:37 | Build | Farm |
| 15:45 | Build | Farm |
| 15:52 | Create | Villager (Male) |
| 16:06 | Build | Farm |
| 16:21 | Create | Villager (Male) |
| 16:31 | Create | Archer |
| 16:34 | Build | House |
| 16:40 | Create | Archer |
| 16:48 | Create | Archer |
| 16:56 | Create | Villager (Male) |
| 17:00 | Build | Farm |
| 17:11 | Create | Archer |
| 17:20 | Create | Villager (Male) |
| 17:22 | Build | Farm |
| 17:42 | Create | Villager (Male) |
| 18:18 | Create | Villager (Male) |
| 18:21 | Build | Farm |
| 18:24 | Create | Archer |
| 18:47 | Create | Villager (Male) |
| 18:50 | Build | Farm |
| 18:56 | Build | Farm |
| 18:57 | Create | Archer |
| 19:06 | Create | Archer |
| 19:16 | Create | Villager (Male) |
| 19:17 | Build | Farm |
| 19:37 | Create | Archer |
| 19:37 | Create | Archer |
| 19:45 | Create | Villager (Male) |
| 19:49 | Build | Market |
| 20:15 | Create | Villager (Male) |
| 20:17 | Build | Farm |
| 20:54 | Create | Archer |
| 20:54 | Create | Archer |
| 20:57 | Research | Castle Age |
| 21:03 | Build | House |
| 21:05 | Build | House |
| 21:13 | Research | Gold Mining |
| 21:20 | Create | Archer |
| 21:24 | Create | Archer |
| 21:29 | Research | Padded Archer Armor |
| 21:31 | Create | Archer |
| 21:42 | Create | Villager (Male) |
| 21:53 | Build | House |
| 22:18 | Create | Archer |
| 22:19 | Create | Archer |
| 23:07 | Create | Archer |
| 23:37 | Age | Castle Age |
| 23:39 | Research | Crossbowman (upgrade) |
| 23:40 | Research | Bodkin Arrow |
| 23:41 | Research | Bow Saw |
| 23:42 | Research | Horse Collar |
| 24:01 | Create | Villager (Male) |
| 24:06 | Build | House |
| 24:10 | Build | Farm |
| 24:23 | Create | Villager (Male) |
| 24:30 | Build | Lumber Camp |
| 24:48 | Create | Villager (Male) |
| 24:51 | Research | Heavy Plow |
| 24:56 | Create | Villager (Male) |
| 25:15 | Create | Villager (Male) |
| 25:26 | Create | Villager (Male) |
| 25:41 | Build | Town Center |
| 26:04 | Research | Wheelbarrow |
| 26:15 | Build | Town Center |
| 26:16 | Create | Villager (Male) |
| 26:44 | Create | Villager (Male) |
| 26:50 | Build | Lumber Camp |
| 26:54 | Create | Villager (Male) |
| 26:59 | Build | Farm |
| 27:03 | Create | Villager (Male) |
| 27:26 | Create | Villager (Male) |
| 27:33 | Create | Villager (Male) |
Build order — SnowBall907270
First 150 of 168 actions detected
| 0:02 | Create | Villager (Male) |
| 0:02 | Create | Villager (Male) |
| 0:02 | Create | Villager (Male) |
| 0:02 | Create | Villager (Male) |
| 0:04 | Build | House |
| 0:07 | Build | House |
| 1:14 | Create | Villager (Male) |
| 2:09 | Create | Villager (Male) |
| 2:14 | Research | Loom |
| 2:14 | Research | Loom |
| 2:16 | Create | Villager (Male) |
| 2:37 | Build | House |
| 2:42 | Create | Villager (Male) |
| 2:43 | Create | Villager (Male) |
| 3:16 | Create | Villager (Male) |
| 3:21 | Build | Lumber Camp |
| 3:44 | Create | Villager (Male) |
| 4:27 | Create | Villager (Male) |
| 4:27 | Create | Villager (Male) |
| 4:41 | Create | Villager (Male) |
| 5:12 | Create | Villager (Male) |
| 6:00 | Build | Mining Camp |
| 6:15 | Create | Villager (Male) |
| 6:17 | Create | Villager (Male) |
| 7:07 | Research | Feudal Age |
| 7:52 | Build | House |
| 8:03 | Create | Villager (Male) |
| 8:03 | Create | Villager (Male) |
| 8:31 | Build | Barracks |
| 8:47 | Research | Double-Bit Axe |
| 8:48 | Create | Villager (Male) |
| 9:16 | Build | Archery Range |
| 9:28 | Create | Villager (Male) |
| 9:37 | Build | Mill |
| 9:59 | Create | Villager (Male) |
| 10:23 | Build | Farm |
| 10:27 | Build | Archery Range |
| 10:52 | Create | Villager (Male) |
| 11:00 | Create | Spearman |
| 11:04 | Build | House |
| 11:20 | Create | Archer |
| 11:21 | Create | Archer |
| 11:23 | Create | Archer |
| 11:23 | Create | Archer |
| 11:27 | Build | House |
| 11:29 | Build | House |
| 11:59 | Build | Blacksmith |
| 12:05 | Build | Palisade Wall |
| 12:07 | Create | Villager (Male) |
| 12:25 | Create | Archer ×3 |
| 12:26 | Create | Villager (Male) |
| 12:39 | Build | House |
| 12:42 | Build | Palisade Wall |
| 12:43 | Build | Palisade Wall |
| 12:48 | Build | Palisade Wall |
| 13:16 | Create | Villager (Male) |
| 13:26 | Research | Fletching |
| 13:35 | Create | Archer ×2 |
| 13:35 | Create | Archer |
| 13:54 | Build | House |
| 13:58 | Build | Palisade Wall |
| 14:04 | Build | Palisade Gate |
| 14:22 | Create | Archer ×3 |
| 14:26 | Create | Villager (Male) |
| 14:36 | Create | Villager (Male) |
| 14:43 | Build | Farm |
| 14:48 | Create | Archer ×2 |
| 14:57 | Build | House |
| 15:00 | Build | Palisade Wall |
| 15:34 | Create | Villager (Male) |
| 15:34 | Create | Villager (Male) |
| 15:35 | Create | Villager (Male) |
| 15:37 | Build | Farm |
| 15:38 | Build | Farm |
| 16:14 | Create | Villager (Male) |
| 16:16 | Build | Farm |
| 16:18 | Create | Archer ×5 |
| 16:23 | Build | Farm |
| 16:42 | Create | Villager (Male) |
| 16:42 | Create | Villager (Male) |
| 16:44 | Build | Farm |
| 17:24 | Research | Padded Archer Armor |
| 17:31 | Build | Farm |
| 17:32 | Build | Farm |
| 17:40 | Research | Horse Collar |
| 17:40 | Research | Horse Collar |
| 17:51 | Create | Archer ×2 |
| 17:52 | Create | Villager (Male) |
| 18:44 | Create | Villager (Male) |
| 18:45 | Create | Villager (Male) |
| 18:45 | Create | Villager (Male) |
| 18:47 | Build | Farm |
| 18:48 | Build | Farm |
| 18:49 | Create | Villager (Male) |
| 18:53 | Build | Farm |
| 19:22 | Build | Farm |
| 19:24 | Create | Villager (Male) |
| 20:07 | Build | Farm |
| 20:09 | Build | Farm |
| 20:36 | Create | Archer ×5 |
| 21:23 | Research | Castle Age |
| 21:27 | Create | Archer ×5 |
| 21:43 | Build | Lumber Camp |
| 22:17 | Research | Gold Mining |
| 22:20 | Create | Spearman |
| 22:21 | Create | Spearman |
| 22:31 | Build | House |
| 22:34 | Build | House |
| 22:46 | Create | Villager (Male) |
| 23:03 | Research | Crossbowman (upgrade) |
| 23:04 | Research | Crossbowman (upgrade) |
| 23:17 | Research | Bodkin Arrow |
| 23:31 | Create | Spearman |
| 23:42 | Build | Palisade Wall |
| 23:44 | Build | Palisade Wall |
| 23:47 | Build | Palisade Wall |
| 23:51 | Research | Squires |
| 23:51 | Research | Squires |
| 23:55 | Create | Archer |
| 23:55 | Create | Archer |
| 23:56 | Create | Archer |
| 23:56 | Create | Archer |
| 23:56 | Create | Archer |
| 23:56 | Create | Archer |
| 23:57 | Create | Archer |
| 23:57 | Create | Archer |
| 23:57 | Create | Archer |
| 24:04 | Research | Crossbowman (upgrade) |
| 24:08 | Build | Archery Range |
| 24:25 | Research | Bow Saw |
| 24:25 | Research | Bow Saw |
| 24:30 | Research | Pikeman (upgrade) |
| 24:36 | Create | Archer ×5 |
| 24:43 | Build | House |
| 24:51 | Build | Palisade Wall |
| 24:58 | Create | Spearman |
| 25:00 | Create | Archer ×3 |
| 25:01 | Create | Archer ×3 |
| 25:31 | Create | Spearman |
| 25:39 | Create | Archer ×5 |
| 25:46 | Create | Archer |
| 25:56 | Research | Squires |
| 26:05 | Create | Villager (Male) |
| 26:06 | Create | Villager (Male) |
| 26:21 | Build | University |
| 26:31 | Research | Leather Archer Armor |
| 26:46 | Create | Archer |
| 26:52 | Create | Villager (Male) |
| 27:21 | Create | Archer ×3 |
| 27:24 | Create | Villager (Male) |
Match timeline
| 3:11 | tychodalat · wall_segment Palisade Wall x1 |
| 7:03 | :)) · wall_segment Palisade Wall x13 |
| 7:30 | tychodalat · first_building Barracks |
| 7:35 | Gà Con Biết Gáy · first_building Barracks |
| 7:42 | BatDongSan · first_building Barracks |
| 7:49 | tychodalat · wall_segment Palisade Wall x4 |
| 7:57 | VNG_BOM BÔNG · first_building Barracks |
| 8:05 | BatDongSan · wall_segment Palisade Wall x10 |
| 8:07 | :)) · first_building Barracks |
| 8:27 | :)) · wall_segment Palisade Wall x1 |
| 8:30 | :)) · age_up feudal |
| 8:31 | SnowBall907270 · first_building Barracks |
| 8:51 | BatDongSan · age_up feudal |
| 8:51 | tychodalat · age_up feudal |
| 8:51 | Gà Con Biết Gáy · age_up feudal |
| 8:53 | tychodalat · first_building Stable |
| 8:53 | Gà Con Biết Gáy · first_building Stable |
| 8:56 | VNG_BOM BÔNG · wall_segment Palisade Wall x4 |
| 8:57 | BatDongSan · first_building Archery Range |
| 8:58 | :)) · first_building Archery Range |
| 9:15 | VNG_BOM BÔNG · age_up feudal |
| 9:16 | SnowBall907270 · first_building Archery Range |
| 9:17 | VNG_BOM BÔNG · first_building Archery Range |
| 9:45 | tychodalat · wall_segment Palisade Wall x1 |
| 9:48 | tychodalat · wall_segment Palisade Wall x8 |
| 9:59 | Gà Con Biết Gáy · wall_segment Palisade Wall x1 |
| 10:10 | BatDongSan · wall_segment Palisade Wall x1 |
| 10:31 | tychodalat · wall_segment Palisade Wall x5 |
| 10:36 | tychodalat · wall_segment Palisade Wall x6 |
| 10:49 | BatDongSan · wall_segment Palisade Wall x9 |
| 10:56 | BatDongSan · wall_segment Palisade Wall x12 |
| 11:35 | Gà Con Biết Gáy · wall_segment Palisade Wall x3 |
| 11:37 | Gà Con Biết Gáy · wall_segment Palisade Wall x11 |
| 11:39 | tychodalat · wall_segment Palisade Wall x6 |
| 11:51 | BatDongSan · first_building Donjon |
| 11:51 | VNG_BOM BÔNG · wall_segment Palisade Wall x9 |
| 12:05 | SnowBall907270 · wall_segment Palisade Wall x5 |
| 12:17 | :)) · wall_segment Palisade Wall x8 |
| 12:42 | SnowBall907270 · wall_segment Palisade Wall x10 |
| 12:43 | SnowBall907270 · wall_segment Palisade Wall x7 |
| 12:44 | BatDongSan · wall_segment Palisade Wall x8 |
| 12:46 | BatDongSan · wall_segment Palisade Wall x4 |
| 12:48 | SnowBall907270 · wall_segment Palisade Wall x8 |
| 13:25 | VNG_BOM BÔNG · wall_segment Palisade Wall x10 |
| 13:45 | VNG_BOM BÔNG · wall_segment Palisade Wall x4 |
| 13:49 | :)) · wall_segment Palisade Wall x7 |
| 13:58 | SnowBall907270 · wall_segment Palisade Wall x8 |
| 14:00 | :)) · wall_segment Palisade Wall x6 |
| 14:01 | :)) · wall_segment Palisade Wall x7 |
| 14:26 | BatDongSan · wall_segment Palisade Wall x3 |
| 14:29 | VNG_BOM BÔNG · wall_segment Palisade Wall x4 |
| 14:50 | tychodalat · wall_segment Palisade Wall x1 |
| 15:00 | :)) · wall_segment Palisade Wall x10 |
| 15:00 | SnowBall907270 · wall_segment Palisade Wall x1 |
| 15:31 | BatDongSan · wall_segment Palisade Wall x1 |
| 18:36 | Gà Con Biết Gáy · first_market_buy 100 food |
| 18:48 | BatDongSan · wall_segment Palisade Wall x1 |
| 18:48 | VNG_BOM BÔNG · wall_segment Palisade Wall x1 |
| 19:38 | VNG_BOM BÔNG · first_market_buy 100 food |
| 20:57 | :)) · first_market_buy 100 food |
| 21:34 | Gà Con Biết Gáy · wall_segment Palisade Wall x8 |
| 21:54 | Gà Con Biết Gáy · wall_segment Palisade Wall x4 |
| 21:54 | tychodalat · age_up castle |
| 22:06 | Gà Con Biết Gáy · age_up castle |
| 22:34 | VNG_BOM BÔNG · age_up castle |
| 22:54 | BatDongSan · wall_segment Palisade Wall x1 |
| 23:06 | BatDongSan · wall_segment Palisade Wall x1 |
| 23:18 | BatDongSan · first_market_buy 100 food |
| 23:37 | :)) · age_up castle |
| 23:38 | tychodalat · first_building Siege Workshop |
| 23:42 | SnowBall907270 · wall_segment Palisade Wall x1 |
| 23:44 | SnowBall907270 · wall_segment Palisade Wall x1 |
| 23:47 | SnowBall907270 · wall_segment Palisade Wall x1 |
| 24:51 | SnowBall907270 · wall_segment Palisade Wall x1 |
| 26:06 | BatDongSan · age_up castle |
| 26:27 | tychodalat · wall_segment Palisade Wall x1 |
| 26:29 | tychodalat · wall_segment Palisade Wall x1 |
| 29:19 | Gà Con Biết Gáy · resign |
| 29:42 | SnowBall907270 · wall_segment Palisade Wall x7 |
[ AI ANALYSIS · 1 CREDIT ]
What really happened in this match?
Wolo.gg analyzes every decision: build order, eco, micro, common mistakes by bracket. Personalized analysis on WhatsApp or Discord in 30 seconds.
Civ guide
Berbers
Perfil
Jugador #21552793